 Dungeon Crawl Stone Soup version 0.23.1-41-g7e51ed3 (webtiles) character file.

Game seed: 16439484166806137354

1582 Fang the Skirmisher (level 8, -1/52 HPs)
             Began as a Gargoyle Berserker on Mar 29, 2019.
             Was a Believer of Trog.
             Slain by a wight
             ... wielding a cursed +4 flail
              (9 damage)
             ... on level 6 of the Dungeon.
             The game lasted 00:04:27 (5022 turns).

Fang the Skirmisher (Gargoyle Berserker)            Turns: 5022, Time: 00:04:28

Health: -1/52      AC: 15    Str: 23    XL:     8   Next: 91%
Magic:  8/8        EV: 10    Int:  8    God:    Trog [**....]
Gold:   301        SH:  0    Dex:  9    Spells: 7/7 levels left

rFire    . . .     SeeInvis .   a - +0 hand axe
rCold    + . .     Gourm    .   (no shield)
rNeg     + . .     Faith    .   t - +0 chain mail
rPois    ∞         Spirit   .   (no helmet)
rElec    +         Reflect  .   (no cloak)
rCorr    .         Harm     .   (no gloves)
MR       ++...                  (no boots)
Stlth    ..........             (no amulet)
HPRegen  1.17/turn              q - ring of protection from cold
MPRegen  0.11/turn              (no ring)

@: berserk cooldown, regenerating, slowed, very slow
A: negative energy resistance 1, electricity resistance, unbreathing,
petrification resistance, rot immunity, AC +5
a: Berserk, Trog's Hand, Renounce Religion


You were on level 6 of the Dungeon.
You worshipped Trog.
Trog was pleased with you.
You were very hungry.

You visited 1 branch of the dungeon, and saw 6 of its levels.

You collected 301 gold pieces.

Inventory:

Hand Weapons
 a - a +0 hand axe (weapon)
Armour
 n - a +0 scale mail
 t - a +0 chain mail (worn)
Jewellery
 q - a ring of protection from cold (left hand)
Wands
 l - a wand of polymorph (7)
Scrolls
 b - a scroll of immolation {unknown}
 f - 3 scrolls of amnesia {unknown}
 h - a scroll of magic mapping
 j - 4 scrolls of identify
 k - a scroll of enchant weapon {unknown}
 o - a scroll of noise {unknown}
 p - a scroll of random uselessness {unknown}
 u - a scroll of teleportation
Potions
 d - 2 potions of flight {unknown}
 e - 3 potions of curing {unknown}
 g - 2 potions of brilliance
 i - 2 potions of berserk rage {unknown}
 m - 4 potions of heal wounds {unknown}
 r - a potion of might {unknown}
 s - a potion of agility {unknown}
 v - a potion of mutation {unknown}
Comestibles
 c - 6 rations


   Skills:
 + Level 6.8 Fighting
 + Level 5.6 Axes
 + Level 6.3 Armour
 + Level 4.7 Dodging


You had 7 spell levels left.
You didn't know any spells.
Your spell library was empty.

Dungeon Overview and Level Annotations

Branches:
Dungeon (6/15)
 Temple: D:4-7

Altars:
Elyvilon
Nemelex Xobeh
Qazlal

Shops:
D:5 (


Innate Abilities, Weirdness & Mutations

You are resistant to torment.
Your stone body is resilient. (AC +5)
You are immune to poison.
You resist negative energy. (rN+)
You are resistant to electric shocks. (rElec)
You can survive without breathing.
You are immune to petrification.
You are immune to rotting.


Message History

A wight comes into view. It is wielding a +4 flail.
Things that are here:
a +3 hand axe; 14 stones; a +0 robe You are too injured to fight recklessly!
You are no longer berserk.
You are exhausted.
You feel yourself slow down.
You hit the wight but do no damage.
The wight hits you with a cursed +4 flail.
* * * LOW HITPOINT WARNING * * *
The wight barely misses you.
You hit the wight but do no damage.
The wight hits you with a cursed +4 flail!
* * * LOW HITPOINT WARNING * * *
Your skin crawls.
You feel resistant to hostile enchantments.
You are feeling very hungry.
The wight hits you but does no damage. x2
The wight hits you with a cursed +4 flail!
You die...

#. ####.##
......###
#....<###
###.#...#
#......# z
###.#.####
#..####>z.#)†!#
#.....).@..#.#
#.....)....#.#
#).........# #
#..$.......#
############


You could see a wight.

Vanquished Creatures
  Grinder (D:3)
  Sigmund (D:2)
  An ice beast (D:5)
  Purgy (D:2)
  A necrophage (D:5)
  An ogre (D:5)
  2 centaurs (D:5)
  2 wights (D:6)
  A howler monkey (D:5)
  3 crimson imps (D:5)
  2 bullfrog skeletons
  An orc priest (D:4)
  4 orc wizards
  Ijyb (D:3)
  2 worker ants
  Natasha (thrice) (D:3)
  2 hound skeletons (D:4)
  5 adders
  A howler monkey skeleton (D:6)
  A shadow imp (D:5)
  A worm (D:2)
  A dart slug (D:2)
  5 leopard geckos
  7 orcs
  2 giant cockroaches
  5 goblins
  A hobgoblin (D:2)
  2 jackals (D:1)
  A ball python (D:1)
  5 bats
  3 frilled lizards
  9 kobolds
  A quokka skeleton (D:4)
  3 rats
82 creatures vanquished.

Notes
Turn   | Place    | Note
-------+----------+-------------------------------------------
     0 | D:1      | Fang the Gargoyle Berserker began the quest for the Orb.
     0 | D:1      | Reached XP level 1. HP: 14/14 MP: 1/1
    51 | D:1      | Reached XP level 2. HP: 10/19 MP: 2/2
   706 | D:2      | Reached ** piety under Trog
   719 | D:2      | Reached XP level 3. HP: 21/24 MP: 3/3
   762 | D:2      | Noticed Sigmund
   778 | D:2      | Killed Sigmund
   778 | D:2      | Reached XP level 4. HP: 29/30 MP: 4/4
   778 | D:2      | Reached XP level 5. HP: 33/34 MP: 5/5
  1662 | D:3      | Noticed Grinder
  1666 | D:3      | Noticed Ijyb
  1680 | D:3      | Paralysed by Grinder for 2 turns
  1728 | D:3      | Noticed Purgy
  1733 | D:3      | Killed Grinder
  1733 | D:3      | Reached XP level 6. HP: 39/40 MP: 6/6
  1739 | D:3      | Killed Ijyb
  1739 | D:3      | Reached skill level 5 in Fighting
  1789 | D:2      | Killed Purgy
  1789 | D:2      | Reached XP level 7. HP: 35/44 MP: 7/7
  2210 | D:3      | Noticed Natasha
  2224 | D:3      | Killed Natasha
  2304 | D:3      | Noticed Natasha
  2313 | D:3      | Killed Natasha
  2669 | D:3      | Noticed Natasha
  2680 | D:3      | Killed Natasha
  3352 | D:4      | Found a stormy altar of Qazlal.
  3382 | D:4      | Reached skill level 5 in Armour
  3471 | D:4      | Found a sparkling altar of Nemelex Xobeh.
  3813 | D:5      | Entered Level 5 of the Dungeon
  3909 | D:5      | Reached XP level 8. HP: 30/51 MP: 8/8
  4030 | D:5      | Found Ryxul's Antique Weapon Emporium.
  4048 | D:5      | Found a white marble altar of Elyvilon.
  4144 | D:5      | Reached skill level 5 in Axes
  5022 | D:6      | Slain by a wight

Skill      XL: |  1  2  3  4  5  6  7  8 |
---------------+-------------------------+-----
Axes           | 3 4 5 |  5.6
Dodging        | 2 3 4 |  4.7
Fighting       | 4 5 6 |  6.8
Armour         | 3 4 5 6 |  6.3

Action                   |  1- 3 |  4- 6 |  7- 9 || total
-------------------------+-------+-------+-------++-------
Melee: Hand axe          |    60 |    79 |   366 ||   505
Invok: Berserk           |     1 |     4 |     3 ||     8
       Trog's Hand       |       |     2 |     1 ||     3
  Use: Scroll            |       |     4 |       ||     4
  Eat: Chunk             |       |     4 |     6 ||    10
       Ration            |       |     1 |     2 ||     3
Armor: Animal skin       |    24 |    52 |       ||    76
       Scale mail        |       |       |   114 ||   114
       Chain mail        |       |       |   137 ||   137
Dodge: Dodged            |    33 |    86 |   209 ||   328
